 Dungeon Crawl Stone Soup version 0.28-a0-1524-ge72afd5fc6 (webtiles) character file.

Game seed: 3163249058553072394

989 Shayle the Sneak (level 7, -3/46 HPs)
             Began as a Vampire Air Elementalist on Jan 18, 2022.
             Slain by a wyvern (17 damage)
             ... on level 4 of the Dungeon.
             The game lasted 00:16:13 (5377 turns).

Shayle the Sneak (Vampire Air Elementalist)         Turns: 5377, Time: 00:16:14

Health: -3/46      AC:  4    Str:  9    XL:     7   Next: 98%
Magic:  9/13       EV: 15    Int: 19    God:
Gold:   367        SH:  0    Dex: 22    Spells: 3/14 levels left

rFire   x . .      SeeInvis +   i - +4 short sword
rCold   + . .      Faith    .   (no shield)
rNeg    . . .      Spirit   .   a - +0 robe
rPois   .          Reflect  .   (no helmet)
rElec   .          Harm     .   (no cloak)
rCorr   .          Rampage  .   (no gloves)
Will    .....                   f - +1 pair of boots
Stlth   ++++......              (no amulet)
HPRegen 0.35/turn               r - ring "Kias" {Ice Str+2 Dex+7 SInv}
MPRegen 0.13/turn               g - ring of wizardry

@: healing quickly
A: alive, fangs 3, see invisible, vampiric 2
a: Exsanguinate


You were on level 4 of the Dungeon.
You visited 1 branch of the dungeon, and saw 7 of its levels.

You collected 367 gold pieces.

Inventory:

Hand Weapons
 i - a +4 short sword (weapon)
 v - a +2 dagger of speed
Missiles
 l - 4 curare-tipped darts
Armour
 a - a +0 robe (worn)
 f - a +1 pair of boots (worn)
Jewellery
 g - a ring of wizardry (right hand)
 k - a ring of wizardry
 r - the ring "Kias" (left hand) {Ice Str+2 Dex+7 SInv}
   (You found it on level 4 of the Dungeon)

   [ring of ice]

   It enhances your ice magic.
   Str:       It affects your strength (+2).
   Dex:       It affects your dexterity (+7).
   rF:        It makes you vulnerable to fire.
   rC:        It protects you from cold.
   SInv:      It lets you see invisible.
Wands
 h - a wand of polymorph (8)
 j - a wand of flame (10)
 o - a wand of digging (7)
 s - a wand of paralysis (9)
Scrolls
 b - 5 scrolls of magic mapping
 e - a scroll of torment {unknown}
 m - 3 scrolls of identify
 p - 2 scrolls of teleportation
 u - a scroll of enchant weapon {unknown}
Potions
 c - a potion of flight
 d - 2 potions of attraction
 n - 2 potions of degeneration {unknown}
 q - a potion of ambrosia
 t - a potion of lignification {unknown}


   Skills:
 + Level 4.9 Dodging
 + Level 7.0 Stealth
 + Level 4.1 Spellcasting
 + Level 3.0 Conjurations
 + Level 0.4 Fire Magic
 + Level 5.0 Air Magic


You had 3 spell levels left.
You knew the following spells:

 Your Spells              Type           Power      Damage    Failure   Level
a - Shock                 Conj/Air       76%        1d7       1%          1
b - Static Discharge      Conj/Air       19%        N/A       1%          2
c - Airstrike             Air            11%        N/A       7%          4
d - Flame Wave            Conj/Fire      10%        2d5       26%         4

Your spell library contained the following spells:

 Spells                   Type           Power      Damage    Failure   Level
 Swiftness                Air            23%        N/A       1%          3
 Foxfire                  Conj/Fire      40%        2x1d6     2%          1
 Conjure Flame            Conj/Fire      10%        6-21      9%          3
 Inner Flame              Hex/Fire       4%         N/A       16%         3
 Leda's Liquefaction      Hex/Erth       1%         N/A       45%         4
 Lee's Rapid Deconstruct  Erth           1%         3d5*      80%         5
 Statue Form              Tmut/Erth      2%         N/A       100%        6


Dungeon Overview and Level Annotations

Branches:
Dungeon (7/15)
 Temple: D:4-7

Altars:
Fedhas
Kikubaaqudgha
Okawaru

Annotations:
D:4 1 exclusion, Grinder


Innate Abilities, Weirdness & Mutations

Your natural rate of healing is accelerated.
You have razor-sharp teeth.
You have supernaturally acute eyesight. (SInv)
You are afflicted with vampirism and can become a bat while bloodless.


Message History

Found a stone staircase leading up.
There is a stone staircase leading up here.
Done exploring.
Done exploring.
(D) Dungeon
Where to? (Enter - D:5, ? - help)
You see here 13 arrows.
There is a stone staircase leading down here.
You climb downwards.
There is a stone staircase leading up here.
(D) Dungeon
Where to? (Enter - D:6, ? - help)
You climb upwards.
There is a stone staircase leading down here.
(D) Dungeon
Where to? (Enter - D:5, ? - help)
You see here 13 arrows.
There is a stone staircase leading up here.
You climb upwards.
Level annotation: 1 exclusion, Grinder The wyvern hisses menacingly.
The wyvern barely misses you. The wyvern misses you. The wyvern bites you!
There is a stone staircase leading down, spattered with blood here.
Casting: Shock (safe; 1% risk of failure)
Confirm with . or Enter, or press ? or * to list all spells.
The wyvern is struck by an arc of lightning.
The wyvern is lightly wounded.
You are struck by an arc of lightning.
The wyvern is struck by an arc of lightning.
The wyvern is moderately wounded.
The lightning grounds out.
The wyvern bites you!
Casting: Static Discharge (safe; 1% risk of failure)
Confirm with . or Enter, or press ? or * to list all spells.
The wyvern is struck by an arc of lightning.
The wyvern is heavily wounded.
You are struck by an arc of lightning.
The wyvern is struck by an arc of lightning.
The wyvern is severely wounded.
The lightning grounds out.
The wyvern bites you! x2
You die...

#..........#
#.......(..#
######..........#
#...)...........##
#................###
#..........>.......####
#...............##.....
#......l........#######
#.....@.........#
#...............#
#..............##
#..............##
#........#####..###
####[###..........##
#.# ######.)....####
#.# #.......... #.#
#......####


You could see a wyvern.

Vanquished Creatures
  A sky beast (D:5)
  2 ogres (D:4)
  2 centaurs
  2 phantoms
  A scorpion (D:5)
  A bullfrog skeleton (D:5)
  A hound (D:5)
  A jelly (D:4)
  4 orc wizards
  An iguana (D:7)
  A hound skeleton (D:5)
  A howler monkey skeleton (D:4)
  6 adders
  A white imp (D:5)
  3 worms
  2 dart slugs
  7 orcs
  5 bats
  6 endoplasms
  7 giant cockroaches
  8 goblins
  5 hobgoblins
  4 quokkas
  4 ball pythons
  4 frilled lizards
  2 kobolds
  5 rats
87 creatures vanquished.

Vanquished Creatures (others)
  A withered plant (D:5)
1 creature vanquished.

Grand Total: 88 creatures vanquished

Notes
Turn   | Place    | Note
-------+----------+-------------------------------------------
     0 | D:1      | Shayle the Vampire Air Elementalist began the quest for the
                  | Orb.
     0 | D:1      | Reached XP level 1. HP: 13/13 MP: 3/3
   163 | D:1      | Reached XP level 2. HP: 19/19 MP: 0/5
   674 | D:1      | Reached skill level 1 in Conjurations
  1131 | D:2      | Gained mutation: You are afflicted with vampirism and can
                  | become a bat while bloodless. [Vampire growth]
  1131 | D:2      | Reached XP level 3. HP: 22/24 MP: 2/6
  2211 | D:2      | Learned a level 2 spell: Static Discharge
  2278 | D:3      | Reached skill level 4 in Stealth
  2278 | D:3      | Reached XP level 4. HP: 30/30 MP: 4/7
  2606 | D:3      | Found a faded altar of an unknown god.
  3181 | D:4      | Noticed an ogre
  3254 | D:4      | Killed an ogre
  3255 | D:4      | Reached XP level 5. HP: 35/35 MP: 2/9
  3337 | D:4      | Identified the ring "Kias" {Ice Str+2 Dex+7 SInv}
  3434 | D:4      | Reached skill level 5 in Stealth
  3561 | D:4      | Noticed Grinder
  3635 | D:4      | Noticed an ogre
  3646 | D:4      | Killed an ogre
  3647 | D:4      | Reached XP level 6. HP: 11/41 MP: 3/10
  3744 | D:4      | Learned a level 4 spell: Airstrike
  3832 | D:5      | Entered Level 5 of the Dungeon
  3832 | D:5      | Noticed a wyvern
  4161 | D:5      | Found a blossoming altar of Fedhas.
  4204 | D:5      | Noticed a sky beast
  4219 | D:5      | Found an ancient bone altar of Kikubaaqudgha.
  4294 | D:6      | Found an iron altar of Okawaru.
  4478 | D:6      | Noticed a vampire
  4487 | D:7      | Reached XP level 7. HP: 46/46 MP: 12/12
  4492 | D:7      | Reached skill level 6 in Stealth
  5148 | D:5      | Learned a level 4 spell: Flame Wave
  5175 | D:5      | Reached skill level 5 in Air Magic
  5262 | D:5      | Reached skill level 7 in Stealth
  5377 | D:4      | Slain by a wyvern

Illustrated notes

Levels and vault maps discovered:
D:1:      mrwooster_arrival_statue_2, layout_loops_ring,
          chequers_serial_rivers_small_3, patterned_corridor
D:2:      layout_loops_ring
D:3:      layout_basic, hellmonk_ecumenical_altar_arch_garden,
          minmay_misc_feat_five, minivault_4
D:4:      layout_rooms, uniq_grinder
D:5:      layout_rooms, mainiacjoe_overflow_paths, kiku_gazebo_garden_becter
D:6:      layout_loops_corners, kennysheep_okawaru_gauntlet
D:7:      layout_loops_ring, mainiacjoe_overflow_alcove_1, temple_doors_e,
          minmay_shop_damaged

Skill      XL: |  1  2  3  4  5  6  7 |
---------------+----------------------+-----
Conjurations   | 1 2 3 |  3.0
Stealth        | 4 5 7 |  7.0
Dodging        | 3 4 |  4.9
Spellcasting   | 3 4 |  4.1
Air Magic      | 4 5 |  5.0
Fire Magic     | |  0.4

Action                   |  1- 3 |  4- 6 |  7- 9 || total
-------------------------+-------+-------+-------++-------
Melee: Unarmed           |     7 |       |       ||     7
       Bite              |     5 |    12 |     4 ||    21
       Punch             |     1 |     2 |     1 ||     4
       Short sword       |    54 |    91 |    39 ||   184
 Cast: Shock             |    56 |    50 |    18 ||   124
       Static Discharge  |       |     1 |     2 ||     3
       Airstrike         |       |       |     2 ||     2
Evoke: Wand              |       |     1 |       ||     1
  Use: Scroll            |       |    10 |       ||    10
 Stab: Sleeping          |     2 |     7 |     4 ||    13
Armor: Robe              |    17 |    15 |     4 ||    36
Dodge: Dodged            |    47 |    47 |    29 ||   123

Table legend: (Time is in decaauts)
 A = Elapsed time spent in this place.
 B = Non-inter-level travel time spent in this place.
 C = Inter-level travel time spent in this place.
 D = Time resting spent in this place.
 E = Time spent auto-exploring this place.
 F = Levels seen in this place.
 G = Mean time per level.
                   A        B        C        D        E       F      G
               +--------+--------+--------+--------+--------+-----+--------+
         Total |   5405 |   5221 |    184 |   1070 |   2739 |   7 |  772.1 |
       Dungeon |   5405 |   5221 |    184 |   1070 |   2739 |   7 |  772.1 |
               +--------+--------+--------+--------+--------+-----+--------+

Top non-repeatable levels by time:
     D:1: 1118 daAuts
     D:3: 1099 daAuts
     D:5: 971 daAuts
     D:2: 931 daAuts
     D:4: 706 daAuts
     D:6: 558 daAuts
     D:7: 18 daAuts
